Map: Ruins of Seras

Players

LsVtec - Winner!

  • Race: Terran Terran
  • League: Grandmaster

wabbajack

  • Race: Zerg Zerg
  • League: Gold

VOD

Have the link to the VOD?

Description

Time

  • Played on: July 18, 2015, 8:39 p.m.
  • Length: 12:22
Show
View Real Time Build Order
Export as new Build Order

LsVtec Terran - Winner!

Build Orders: Liberator Opening, Bio Hellbat 

Get SALT Encoding   

  12  0:00  SCV  
  13  0:14  SCV  
  14  0:20  Supply Depot  
  14  0:26  SCV  
  15  0:42  SCV  
  16  0:45  Barracks  
  16  0:52  Refinery  
  16  0:54  SCV  
  17  1:06  SCV  
  18  1:19  SCV  
  19  1:31  SCV  
  20  1:40  Command Center  
  20  1:41  Reaper  
  20  1:45  Orbital Command  
  21  2:03  Supply Depot  
  21  2:14  SCV  
  21  2:15  Bunker  
  22  2:16  Barracks Reactor  
  22  2:26  SCV  
  22  2:29  Factory  
  23  2:34  Refinery  
  23  2:38  SCV  
  24  2:50  SCV  
  25  2:53  Marine x2  
  25  2:55  Orbital Command  
  27  3:03  SCV  
  30  3:18  Starport  
  30  3:19  SCV  
  29  3:21  Barracks Reactor  
  29  3:30  SCV  
  29  3:31  SCV  
  31  3:37  Command Center  
  31  3:41  Supply Depot  
  31  3:44  SCV x2, Supply Depot  
  33  3:54  Liberator  
  33  3:56  SCV x2  
  35  4:05  Barracks Tech Lab  
  35  4:08  Orbital Command  
  35  4:09  Hellion x2  
  39  4:30  Hellion  
  42  4:41  SCV x2  
  42  4:43  Hellion  
  44  4:46  Factory  
  44  4:48  Refinery x2  
  44  4:51  Barracks  
  44  4:52  Barracks  
  44  5:20  SCV x2  
  47  5:22  Orbital Command  
  38  5:37  Factory Reactor  
  38  5:38  Starport Reactor  
  38  5:51  Orbital Command  
  38  5:54  Stimpack  
  38  6:07  Engineering Bay  
  38  6:10  Barracks Reactor  
  38  6:11  Barracks Reactor  
  38  6:14  Hellion  
  38  6:15  Hellion x2  
  44  6:23  SCV x3  
  47  6:39  SCV x3  
  50  6:45  Factory Tech Lab  
  50  6:51  SCV x2  
  50  6:52  Armory  
  50  6:53  Terran Infantry Weapons Level 1  
  52  6:54  Missile Turret  
  52  6:55  SCV  
  52  6:57  Hellion  
  52  6:58  Hellion  
  57  7:03  SCV x2  
  57  7:04  Supply Depot  
  57  7:05  Supply Depot  
  57  7:07  SCV  
  58  7:08  Supply Depot  
  58  7:15  SCV x2  
  59  7:22  Marine x5  
  61  7:29  Barracks  
  63  7:30  Refinery x2, Barracks, Orbital Command  
  63  7:31  Barracks  
  61  7:39  SCV x2  
  63  7:49  Terran Vehicle Weapons Level 1  
  63  7:50  Supply Depot x2  
  63  7:54  Combat Shields  
  63  7:56  Medivac  
  65  7:59  Hellion x2  
  65  8:04  SCV x3  
  72  8:08  Marine x5  
  72  8:12  Hellbat  
  79  8:13  Infernal Pre-Igniter  
  79  8:16  SCV x3  
  82  8:25  Marine  
  83  8:30  Engineering Bay  
  83  8:34  SCV x3, Refinery  
  86  8:35  Refinery  
  86  8:41  Supply Depot  
  86  8:42  Supply Depot  
  86  8:43  Supply Depot  
  86  8:45  Supply Depot  
  86  8:47  SCV x3  
  86  8:48  Terran Infantry Armor Level 1  
  89  8:50  Medivac x2  
  93  9:00  Terran Infantry Weapons Level 2  
  93  9:03  Barracks Tech Lab x2  
  93  9:08  SCV x3  
  96  9:13  Marine x4  
  96  9:15  Barracks Reactor  
  96  9:16  Marauder  
  102  9:18  Concussive Shells  
  102  9:20  SCV x3, Hellbat x2  
  109  9:24  Medivac  
  109  9:26  Medivac  
  109  9:31  Marine x3  
  113  9:32  Supply Depot  
  113  9:33  Supply Depot  
  113  9:34  SCV x3  
  113  9:35  Supply Depot  
  113  9:37  Marauder  
  120  9:38  Marauder, Marine  
  120  9:39  Marauder  
  123  9:46  SCV x2  
  123  9:49  Marine x2  
  123  9:52  SCV  
  128  9:54  Factory, Medivac  
  128  9:56  Medivac  
  128  9:58  SCV, Factory, Hellbat  
  128  9:59  Hellbat  
  137  10:03  Supply Depot  
  137  10:04  Supply Depot  
  137  10:05  Supply Depot  
  137  10:15  Siege Tank  
  137  10:20  Hellbat x2  
  144  10:23  Sensor Tower  
  144  10:38  Command Center  
  114  10:50  Marine x2, Marauder x3  
  114  10:51  Marine x4  
  114  10:54  Factory Tech Lab x2, Liberator  
  114  10:55  Hellbat x2, Liberator  
  130  11:08  Marine x2  
  130  11:09  Marine x2  
  134  11:12  Marauder  
  142  11:22  Command Center  
  141  11:51  Missile Turret  
  141  11:52  Marine, Marauder  
  141  11:53  Marine x5, Marauder x2  
  153  11:57  Hellbat x2  
Show
View Real Time Build Order
Export as new Build Order

wabbajack Zerg 

Build Orders: Hatch First, Lurkers 

Get SALT Encoding   

  12  0:01  Drone  
  13  0:14  Overlord  
  13  0:18  Drone  
  14  0:25  Drone, Extractor  
  15  0:33  Drone  
  16  0:37  Drone  
  17  0:55  Hatchery  
  16  1:00  Drone x2  
  16  1:03  Extractor  
  17  1:17  Spawning Pool  
  16  1:19  Drone  
  16  1:23  Drone  
  18  1:30  Drone  
  19  1:50  Overlord  
  19  2:04  Queen  
  21  2:08  Queen  
  23  2:18  Metabolic Boost  
  23  2:22  Drone x5  
  28  2:36  Zergling x4  
  29  2:58  Pneumatized Carapace  
  29  3:03  Extractor  
  28  3:10  Zergling x2  
  28  3:12  Zergling x4  
  31  3:17  Zergling x2  
  31  3:18  Baneling Nest, Zergling x4  
  32  3:22  Zergling x2  
  33  3:40  Drone x3  
  36  3:42  Overlord x2  
  36  3:57  Hatchery  
  35  4:04  Zergling x6  
  35  4:08  Zergling x6  
  35  4:09  Zergling x2  
  42  4:10  Zergling x4  
  44  4:19  Lair  
  44  4:25  Roach Warren  
  40  4:45  Baneling x2  
  39  4:51  Queen  
  39  4:52  Spine Crawler  
  40  4:57  Drone  
  40  4:58  Drone x5  
  40  4:59  Evolution Chamber  
  38  5:45  Glial Reconstitution  
  38  5:53  Drone  
  38  5:54  Drone x3  
  42  6:00  Overlord x4  
  42  6:20  Drone x6  
  42  6:21  Drone x10  
  42  6:25  Hydralisk Den  
  57  6:30  Zerg Missile Weapons Level 1  
  57  6:43  Lurker Den  
  57  7:01  Extractor  
  56  7:02  Extractor  
  56  7:03  Extractor  
  56  7:04  Drone x2, Extractor  
  56  7:05  Drone x2  
  56  7:10  Roach  
  56  7:11  Roach x5  
  59  7:42  Overlord x2  
  59  7:43  Overlord x2  
  59  7:47  Drone x3  
  59  7:48  Drone  
  59  7:49  Drone  
  64  7:55  Drone x2  
  66  7:59  Extractor  
  66  8:01  Drone x3, Extractor  
  66  8:02  Drone x3  
  66  8:03  Overlord x3  
  66  8:04  Overlord  
  70  8:08  Queen  
  72  8:24  Hydralisk, Muscular Augments  
  72  8:25  Hydralisk x5  
  84  8:34  Zerg Missile Weapons Level 2  
  84  8:39  Evolution Chamber  
  83  8:52  Drone  
  83  8:53  Drone x6  
  83  8:55  Hydralisk x2, Roach  
  94  8:56  Roach  
  94  9:00  Lurker x3  
  94  9:02  Lurker  
  102  9:19  Hatchery  
  101  9:34  Overlord x2  
  101  9:37  Zerg Ground Armor Level 1  
  101  9:39  Hydralisk x2  
  101  9:40  Hydralisk, Roach x4  
  101  9:41  Drone  
  101  9:43  Drone  
  101  9:45  Overlord  
  117  9:54  Overseer  
  117  9:56  Hydralisk x3, Roach  
  117  9:57  Roach x2  
  129  10:08  Infestation Pit  
  128  10:27  Tunneling Claws  
  128  10:29  Extractor  
  128  10:30  Burrow  
  128  10:32  Extractor  
  79  10:55  Hydralisk x2  
  79  11:07  Overlord x3  
  79  11:08  Hydralisk x3  
  79  11:09  Hydralisk x3, Roach x3  
  79  11:10  Hydralisk x4, Roach  
  79  11:11  Hydralisk x2, Roach x2  
  111  11:12  Roach x4  
  111  11:13  Roach x2  
  111  11:15  Lurker x2  
  106  11:38  Lurker x4  
  88  11:40  Lurker  
  88  11:45  Zergling x20  
  94  11:52  Roach x8  
Tags
 
Add a new tag
Caveats
  • Supply blocks, unpowered buildings, or Contaminate may cause inaccurate times.
  • Supply counts are checked every 10 seconds.